 Dungeon Crawl Stone Soup version 0.28-a0-224-g76b539d98b (webtiles) character file.

Game seed: 13776052156230419041

265 Gargoyl the Skirmisher (level 6, -1/53 HPs)
             Began as a Gnoll Abyssal Knight on Aug 21, 2021.
             Was a Believer of Lugonu.
             Succumbed to a goblin's poison
             ... on level 4 of the Dungeon.
             The game lasted 00:04:12 (3978 turns).

Gargoyl the Skirmisher (Gnoll Abyssal Knight)       Turns: 3978, Time: 00:04:13

Health: -1/53      AC: 14    Str: 14    XL:     6   Next: 20%
Magic:  17/18      EV:  7    Int: 11    God:    Lugonu [**....]
Gold:   180        SH:  0    Dex: 11    Spells: 8/8 levels left

rFire   . . .      SeeInvis .   h - +3 quarterstaff (chaos)
rCold   . . .      Faith    .   (shield currently unavailable)
rNeg    . . .      Spirit   .   c - +0 chain mail
rPois   .          Reflect  .   (no helmet)
rElec   .          Harm     .   i - +2 cloak
rCorr   .          Rampage  .   e - +0 pair of gloves
Will    +....                   (no boots)
Stlth   ..........              (no amulet)
HPRegen 0.17/turn               b - ring of magical power
MPRegen 0.16/turn               j - ring of willpower

@: lethally poisoned (-1 -> -14)
A: fangs 1, strong nose, distributed training
a: Renounce Religion, Depart the Abyss, Bend Space


You were on level 4 of the Dungeon.
You worshipped Lugonu.
Lugonu was pleased with you.
You visited 1 branch of the dungeon, and saw 4 of its levels.
You visited the Abyss 1 time.

You collected 180 gold pieces.

Inventory:

Hand Weapons
 a - a +1 hand axe
 h - a +3 quarterstaff of chaos (weapon)
Missiles
 n - 6 poisoned darts (quivered)
Armour
 c - a +0 chain mail (worn)
 e - a +0 pair of gloves (worn)
 i - a +2 cloak (worn)
Jewellery
 b - a ring of magical power (left hand)
 j - a ring of willpower (right hand)
Wands
 l - a wand of paralysis (13)
 m - a wand of charming (13)
Potions
 f - a potion of might {unknown}
 g - 2 potions of lignification {unknown}
 k - a potion of haste {unknown}
 o - a potion of invisibility {unknown}


   Skills:
 + Level 6.8 Fighting
 + Level 1.8 Short Blades
 + Level 1.8 Long Blades
 + Level 4.9 Axes
 + Level 1.8 Maces & Flails
 + Level 1.8 Polearms
 + Level 1.8 Staves
 + Level 1.8 Slings
 + Level 1.8 Bows
 + Level 1.8 Crossbows
 + Level 1.8 Throwing
 + Level 4.9 Armour
 + Level 3.2 Dodging
 + Level 1.8 Stealth
 + Level 1.8 Shields
 + Level 1.8 Unarmed Combat
 + Level 1.8 Spellcasting
 + Level 1.4 Conjurations
 + Level 1.4 Hexes
 + Level 1.4 Summonings
 + Level 1.4 Necromancy
 + Level 1.4 Translocations
 + Level 1.4 Transmutations
 + Level 1.4 Fire Magic
 + Level 1.4 Ice Magic
 + Level 1.4 Air Magic
 + Level 1.4 Earth Magic
 + Level 1.4 Poison Magic
 + Level 5.0 Invocations
 + Level 1.8 Evocations


You had 8 spell levels left.
You didn't know any spells.
Your spell library contained the following spells:

 Spells                   Type           Power      Damage    Failure   Level
 Sandblast                Erth           8%         2d5       98%         1
 Summon Small Mammal      Summ           16%        N/A       98%         1
 Passwall                 Tmut/Erth      3%         N/A       99%         2
 Call Canine Familiar     Summ           4%         N/A       100%        3
 Stone Arrow              Conj/Erth      8%         3d7       100%        3
 Summon Guardian Golem    Hex/Summ       4%         N/A       100%        3
 Bolt of Magma            Conj/Fire/Erth 2%         4d4       100%        5
 Lee's Rapid Deconstruct  Erth           2%         3d5*      100%        5
 Shatter                  Erth           2%         3d6*      100%        9


Dungeon Overview and Level Annotations

Branches:
Dungeon (4/15)
 Temple: D:4-7

Altars:
Makhleb

Annotations:
D:4 Robin


Innate Abilities, Weirdness & Mutations

You have very sharp teeth.
Your uncanny sense of smell can sniff out nearby items.
Your experience applies equally to all skills.


Message History

The goblin barely misses you.
You hit the goblin.
You kill the goblin!
Lugonu accepts your kill. Robin throws the goblin at you!
A goblin comes into view. It is wielding a +0 club.
You hit the goblin.
You kill the goblin!
Lugonu accepts your kill. The goblin barely misses you.
You hit the goblin.
You kill the goblin!
Lugonu accepts your kill. The goblin hits you but does no damage.
You are poisoned.
Robin throws the goblin at you! The goblin hits you with a +0 club.
The goblin hits you but does no damage.
You are more poisoned.
Okay, then.
As you read the scroll labelled UFOLOM CAETOZYEKK, it crumbles to dust.
You feel strangely unstable.
It was a scroll of teleportation.
* * * LOW HITPOINT WARNING * * *
You feel very sick.
A goblin comes into view. It is wielding a +0 club.
The goblin hits you but does no damage.
The goblin hits you with a +0 dagger of venom.
* * * LOW HITPOINT WARNING * * *
You are lethally poisoned!
Space bends around you!
You blink. 2 goblins come into view.
Found an escape hatch in the ceiling.
Found a stone staircase leading up.
* * * LOW HITPOINT WARNING * * *
You feel very sick.
The goblin shouts! x3
Robin hits you but does no damage.
* * * LOW HITPOINT WARNING * * *
You feel very sick. Robin throws the goblin at you!
The goblin hits you but does no damage.
Your surroundings suddenly seem different.
You die...

### ### ###.. ..# ......#
#.# #.##..######.#
#.##.>.......##### #.##..#
#......##### #.##.@#
#........... #######.##..#
#..###.####. ........##..#
#..# #.#
.#######..##..#####..# #.#
.....................# #.#
#####.....#...##.##.# #.#
#............##.###.#
#######.....##..#####....)#
###...........##..#
####..####.


There were no monsters in sight!

Vanquished Creatures
  Crazy Yiuf (D:2)
  Terence (D:2)
  2 iguanas (D:4)
  An orc wizard (D:4)
  A gnoll (D:1)
  3 adders
  An ufetubus (D:4)
  A worm (D:2)
  A dart slug (D:1)
  5 orcs
  5 ball pythons
  3 bats
  3 endoplasms
  5 giant cockroaches
  6 goblins
  4 hobgoblins
  2 jackals (D:1)
  6 quokkas
  2 frilled lizards
  4 kobolds
  6 rats
63 creatures vanquished.

Vanquished Creatures (others)
  A demonic plant (D:3)
  4 fungi
  2 plants (D:3)
  4 withered plants (D:3)
11 creatures vanquished.

Grand Total: 74 creatures vanquished

Notes
Turn   | Place    | Note
-------+----------+-------------------------------------------
     0 | Abyss:1  | Gargoyl the Gnoll Abyssal Knight began the quest for the
                  | Orb.
     0 | Abyss:1  | Reached XP level 1. HP: 23/23 MP: 3/3
    70 | Abyss:1  | Noticed a bone dragon
    86 | Abyss:1  | Noticed a large abomination
    92 | Abyss:1  | Noticed a small abomination
   105 | D:1      | Escaped the Abyss
   523 | D:1      | Reached XP level 2. HP: 26/29 MP: 5/5
   587 | D:1      | Reached * piety under Lugonu
  1189 | D:1      | Reached XP level 3. HP: 22/35 MP: 6/6
  1728 | D:2      | Found a burning altar of Makhleb.
  1778 | D:2      | Reached skill level 1 in Short Blades
  1778 | D:2      | Reached skill level 1 in Long Blades
  1778 | D:2      | Reached skill level 1 in Maces & Flails
  1778 | D:2      | Reached skill level 1 in Polearms
  1778 | D:2      | Reached skill level 1 in Staves
  1778 | D:2      | Reached skill level 1 in Slings
  1778 | D:2      | Reached skill level 1 in Bows
  1778 | D:2      | Reached skill level 1 in Crossbows
  1778 | D:2      | Reached skill level 1 in Throwing
  1778 | D:2      | Reached skill level 1 in Stealth
  1778 | D:2      | Reached skill level 1 in Shields
  1778 | D:2      | Reached skill level 1 in Unarmed Combat
  1778 | D:2      | Reached skill level 1 in Spellcasting
  1778 | D:2      | Reached skill level 1 in Evocations
  1798 | D:2      | Reached XP level 4. HP: 25/41 MP: 7/7
  1990 | D:2      | Noticed Terence
  2016 | D:2      | Killed Terence
  2297 | D:2      | Reached skill level 1 in Conjurations
  2297 | D:2      | Reached skill level 1 in Hexes
  2297 | D:2      | Reached skill level 1 in Summonings
  2297 | D:2      | Reached skill level 1 in Necromancy
  2297 | D:2      | Reached skill level 1 in Translocations
  2297 | D:2      | Reached skill level 1 in Transmutations
  2297 | D:2      | Reached skill level 1 in Fire Magic
  2297 | D:2      | Reached skill level 1 in Ice Magic
  2297 | D:2      | Reached skill level 1 in Air Magic
  2297 | D:2      | Reached skill level 1 in Earth Magic
  2297 | D:2      | Reached skill level 1 in Poison Magic
  2759 | D:2      | Found a runed translucent door.
  2760 | D:2      | Noticed Crazy Yiuf
  2768 | D:2      | Killed Crazy Yiuf
  2769 | D:2      | Reached XP level 5. HP: 40/47 MP: 8/8
  2994 | D:3      | Found a faded altar of an unknown god.
  3688 | D:4      | Reached ** piety under Lugonu
  3960 | D:4      | Reached skill level 5 in Invocations
  3960 | D:4      | Reached XP level 6. HP: 15/53 MP: 9/9
  3965 | D:4      | Noticed Robin
  3977 | D:4      | HP: 2/53 [poisoned by a goblin]
  3978 | D:4      | Succumbed to a goblin's poison

Illustrated notes

Levels and vault maps discovered:
D:1:      amcnicky_arrival_single_pillar, layout_loops_ring, minivault_24
D:2:      layout_rooms, basic_altar, uniq_crazy_yiuf_cottage, uniq_terence
D:3:      layout_basic, shapermc_ecumenical_altar_gd
D:4:      layout_loops_ring, kennysheep_mini,
          minmay_a_box_with_orc_wizards_in_it, uniq_robin

Skill      XL: |  1  2  3  4  5 |
---------------+----------------+-----
Short Blades   | 1 |  1.8
Long Blades    | 1 |  1.8
Maces & Flails | 1 |  1.8
Polearms       | 1 |  1.8
Staves         | 1 |  1.8
Slings         | 1 |  1.8
Bows           | 1 |  1.8
Crossbows      | 1 |  1.8
Throwing       | 1 |  1.8
Stealth        | 1 |  1.8
Shields        | 1 |  1.8
Unarmed Combat | 1 |  1.8
Spellcasting   | 1 |  1.8
Evocations     | 1 |  1.8
Conjurations   | 1 |  1.4
Hexes          | 1 |  1.4
Summonings     | 1 |  1.4
Necromancy     | 1 |  1.4
Translocations | 1 |  1.4
Transmutations | 1 |  1.4
Fire Magic     | 1 |  1.4
Ice Magic      | 1 |  1.4
Air Magic      | 1 |  1.4
Earth Magic    | 1 |  1.4
Poison Magic   | 1 |  1.4
Dodging        | 3 |  3.2
Invocations    | 5 |  5.0
Fighting       | |  6.8
Axes           | |  4.9
Armour         | |  4.9

Action                   |  1- 3 |  4- 6 || total
-------------------------+-------+-------++-------
Melee: Hand axe          |   116 |    51 ||   167
       Bite              |    10 |    12 ||    22
       Quarterstaff      |       |    72 ||    72
Invok: Depart the Abyss  |     1 |       ||     1
       Bend Space        |       |     1 ||     1
  Use: Scroll            |     3 |     3 ||     6
       Potion            |       |     2 ||     2
Armor: Chain mail        |    99 |    78 ||   177
Dodge: Dodged            |    45 |    31 ||    76

Table legend: (Time is in decaauts)
 A = Elapsed time spent in this place.
 B = Non-inter-level travel time spent in this place.
 C = Inter-level travel time spent in this place.
 D = Time resting spent in this place.
 E = Time spent auto-exploring this place.
 F = Levels seen in this place.
 G = Mean time per level.
                   A        B        C        D        E       F      G
               +--------+--------+--------+--------+--------+-----+--------+
         Total |   4004 |   3916 |     88 |    277 |   2944 |   5 |  800.8 |
       Dungeon |   3899 |   3811 |     88 |    277 |   2891 |   4 |  974.8 |
         Abyss |    105 |    105 |      0 |      0 |     53 |   1 |  105.0 |
               +--------+--------+--------+--------+--------+-----+--------+

Top non-repeatable levels by time:
     D:1: 1628 daAuts
     D:2: 1130 daAuts
     D:3: 795 daAuts
     D:4: 345 daAuts
 Abyss:1: 105 daAuts
